 Dungeon Crawl Stone Soup version 0.31-a0-221-gbddc013574 (webtiles) character file.

Game seed: 3323832971778862941

597 qw the Shooter (level 7, -1/43 HPs)
             Began as a Gargoyle Hexslinger on July 3, 2023.
             Slain by an ogre
             ... wielding a +0 giant club
              (16 damage)
             ... on level 5 of the Dungeon.
             The game lasted 00:01:29 (3074 turns).

qw the Shooter (Gargoyle Hexslinger)                Turns: 3074, Time: 00:01:30

Health: -1/43      AC: 13    Str: 11    XL:     7   Next: 40%
Magic:  8/8        EV: 10    Int: 14    God:
Gold:   157        SH:  0    Dex: 14    Spells: 7/8 levels left

rFire   . . .        Y - +1 sling (freeze)
rCold   . . .        (no shield)
rNeg    + . .        f - +0 ring mail
rPois   inf          (no helmet)
rElec   +            h - +0 cloak
rCorr   .            (no gloves)
SInv    .            c - +1 pair of boots
Will    .....        i - amulet of Vitality {RegenMP++ Regen++}
Stlth   +            (no ring)
HPRegen 1.87/turn    (no ring)
MPRegen 0.91/turn

%: no passive effects
@: about to teleport
A: sickness immunity, AC +4, negative energy resistance 1, electricity
resistance, torment resistance 1, petrification resistance
a: no special abilities


You were on level 5 of the Dungeon.
You visited 1 branch of the dungeon, and saw 5 of its levels.

You collected 157 gold pieces.


Innate Abilities, Weirdness & Mutations

You are immune to sickness and miasma.
Your stone body is resilient. (AC +4)
You are immune to poison.
You resist negative energy. (rN+)
You are resistant to electric shocks. (rElec)
You are resistant to unholy torment.
You are immune to petrification.


   Skills:
 - Level 4.1 Fighting
 + Level 6.9 Ranged Weapons
 - Level 1.0 Armour
 - Level 1.5 Dodging
 - Level 1.0 Spellcasting
 - Level 2.6 Hexes


You had 7 spell levels left.
You knew the following spells:

 Your Spells              Type           Power      Damage    Failure   Level
a - Slow                  Hex            32%        N/A       21%         1

Your spell library contained the following spells:

 Spells                   Type           Power      Damage    Failure   Level
 Inner Flame              Hex/Fire       4%         N/A       71%         3
 Portal Projectile        Hex/Tloc       8%         N/A       71%         3
 Cause Fear               Hex            4%         N/A       90%         4

Inventory:

Hand Weapons
 Y - a +1 sling of freezing (weapon)
Armour
 c - a +1 pair of boots (worn)
 f - a +0 ring mail (worn)
 h - a +0 cloak (worn)
Jewellery
 i - the amulet of Vitality (around neck) {RegenMP++ Regen++}
   (You found it on level 2 of the Dungeon)

   [amulet of magic regeneration]

   It increases your rate of magic regeneration.
   Regen:     It increases your rate of health regeneration.
Scrolls
 d - a scroll of noise {unknown}
 k - a scroll of teleportation
Potions
 a - a potion of brilliance {unknown}
 b - a potion of haste
 e - a potion of might {unknown}
 g - a potion of attraction {unknown}
 j - a potion of degeneration {unknown}
 l - a potion of magic {unknown}
 m - a potion of curing
 n - a potion of ambrosia {unknown}

Dungeon Overview and Level Annotations

Branches:
Dungeon (5/15)
 Temple: D:4-7

Altars:
Ashenzari
Sif Muna
Xom

Annotations:
D:4 2 transporters, Pikel; qw's ghost, amateur GrFi


Message History

Blork the orc is almost dead.
Blork the orc looks satisfied for a moment.
You shoot a sling bullet. The sling bullet hits Blork the orc.
The sling bullet freezes Blork the orc.
You kill Blork the orc!
Things that are here:
a +2 mace of venom; a +0 robe; the orc corpse of Blork the orc You see here a +0 leather armour.
You see here a +0 flail.
Found 6 stones.
d - a scroll labelled POOSHI ACZOXT You see here 6 stones.
An ogre comes into view. It is wielding a +0 giant club.
The ogre shouts!
You shoot a sling bullet. The sling bullet hits the ogre.
The sling bullet freezes the ogre.
The ogre is moderately wounded.
You shoot a sling bullet.
The sling bullet barely misses the ogre.
You shoot a sling bullet. The sling bullet hits the ogre.
The sling bullet freezes the ogre.
The ogre is heavily wounded.
You shoot a sling bullet.
The sling bullet barely misses the ogre.
The ogre hits you with a +0 giant club!!
You shoot a sling bullet. The sling bullet hits the ogre.
The sling bullet freezes the ogre.
The ogre is severely wounded.
The ogre hits you with a +0 giant club!
3072 ||| READING 2 scrolls of teleportation.
As you read the scroll of teleportation, it crumbles to dust.
You feel strangely unstable. The ogre hits you but does no damage.
You shoot a sling bullet. The sling bullet hits the ogre.
The sling bullet freezes the ogre.
The ogre is severely wounded.
You shoot a sling bullet.
The sling bullet barely misses the ogre.
The ogre hits you with a +0 giant club!
You die...

#. #. #.
#. #. #.
#O########
#.@....(.#
########.#
#.# #.#
#.# #.#
#.# #.#
#.#


You could see an ogre.

Vanquished Creatures
  An ogre (D:4)
  A phantom (D:4)
  Blork the orc (D:5)
  2 iguanas (D:4)
  23 gnolls
  3 adders
  2 worms (D:2)
  3 dart slugs (D:4)
  6 orcs
  7 ball pythons
  5 endoplasms
  3 giant cockroaches
  2 goblins
  7 hobgoblins
  4 kobolds
  2 quokkas (D:4)
  4 bats
  3 frilled lizards
  9 rats
88 creatures vanquished.

Notes
Turn   | Place    | Note
-------+----------+-------------------------------------------
     0 | D:1      | qw the Gargoyle Hexslinger began the quest for the Orb.
     0 | D:1      | Reached XP level 1. HP: 12/12 MP: 2/2
     0 | D:1      | 0 ||| qw: Version: 0.3-a-40-ge99b1a8
     0 | D:1      | 0 ||| qw: Game counter: 546
     0 | D:1      | 0 ||| qw: Melee chars always use a shield: true
     0 | D:1      | 0 ||| qw: God list: Okawaru
     0 | D:1      | 0 ||| qw: Allow faded altars: false
     0 | D:1      | 0 ||| qw: Do Orc after clearing Dungeon:15 true
     0 | D:1      | 0 ||| qw: Do second Lair branch before Depths: true
     0 | D:1      | 0 ||| qw: Lair rune preference: random
     0 | D:1      | 0 ||| qw: Goals: Normal
     0 | D:1      | 0 ||| PLANNING D:1-11
   159 | D:1      | Reached XP level 2. HP: 16/16 MP: 3/3
   379 | D:1      | Reached skill level 3 in Ranged Weapons
   647 | D:1      | 647 ||| UPGRADING to +0 ring mail.
   657 | D:1      | 657 ||| DROPPING +0 robe.
   658 | D:1      | 658 ||| READING scroll labelled JADEIS NISTAO.
   661 | D:1      | 661 ||| READING scroll labelled DUJYER GESOCK.
   662 | D:1      | 662 ||| DROPPING scroll of poison.
   682 | D:2      | Found a shimmering blue altar of Sif Muna.
   688 | D:2      | Reached XP level 3. HP: 21/21 MP: 4/4
   782 | D:2      | HP: 5/22 [worm (6)]
  1216 | D:2      | Reached XP level 4. HP: 24/27 MP: 5/5
  1392 | D:2      | Found the amulet of Vitality {RegenMP++ Regen++}
  1419 | D:2      | Found a faded altar of an unknown god.
  1422 | D:2      | 1422 ||| UPGRADING to +1 pair of boots.
  1427 | D:2      | 1427 ||| UPGRADING to +0 cloak.
  1432 | D:2      | 1432 ||| UPGRADING to amulet of Vitality {RegenMP++
                  | Regen++}.
  1437 | D:2      | 1437 ||| READING scroll labelled MEHOLI DIMAMPU.
  1440 | D:2      | 1440 ||| DRINKING 2 bubbling coppery potions.
  1522 | D:3      | Reached skill level 1 in Armour
  1584 | D:3      | Reached skill level 4 in Ranged Weapons
  1691 | D:3      | 1691 ||| Stepping ~*~*~tactically~*~*~ (outnumbered).
  1716 | D:3      | Reached XP level 5. HP: 31/31 MP: 6/6
  1766 | D:3      | 1766 ||| Stepping ~*~*~tactically~*~*~ (outnumbered).
  1773 | D:3      | Reached skill level 5 in Ranged Weapons
  1797 | D:3      | Reached skill level 3 in Fighting
  1809 | D:3      | Reached XP level 6. HP: 37/37 MP: 7/7
  2168 | D:3      | 2168 ||| READING scroll labelled LOMAEL GODOGOINUWK.
  2169 | D:3      | 2169 ||| READING 2 scrolls labelled JIBIM UPLE.
  2170 | D:3      | 2170 ||| DROPPING scroll of revelation.
  2340 | D:4      | Found a shimmering altar of Xom.
  2456 | D:4      | Reached skill level 6 in Ranged Weapons
  2468 | D:4      | 2468 ||| Stepping ~*~*~tactically~*~*~ (outnumbered).
  2508 | D:4      | Found a broken altar of Ashenzari.
  2578 | D:4      | Noticed Pikel
  2587 | D:4      | Reached XP level 7. HP: 20/43 MP: 8/8
  2588 | D:4      | HP: 10/43 [Pikel/+2 whip of flaming (11)]
  2589 | D:4      | 2589 ||| READING scroll of teleportation.
  2761 | D:4      | Found a transporter.
  2765 | D:4      | Noticed qw's ghost (amateur GrFi)
  2769 | D:4      | Found a transporter.
  2992 | D:4      | 2992 ||| READING scroll labelled ECRAHE POIK.
  2993 | D:4      | 2993 ||| DRINKING 2 green potions.
  3017 | D:5      | Entered Level 5 of the Dungeon
  3032 | D:5      | Noticed Blork the orc
  3033 | D:5      | 3033 ||| FLEEEEING.
  3034 | D:5      | 3034 ||| FLEEEEING.
  3035 | D:5      | 3035 ||| FLEEEEING.
  3041 | D:5      | Killed Blork the orc
  3071 | D:5      | HP: 9/43 [ogre/+0 giant club (16)]
  3072 | D:5      | 3072 ||| READING 2 scrolls of teleportation.
  3074 | D:5      | Slain by an ogre

Levels and vault maps discovered:
D:1:      dpeg_arrival_refuge, layout_basic, bh_walls_and_bars
D:2:      layout_basic, basic_altar, dilly_ecumenical_altar_fadedgnrine
D:3:      layout_basic
D:4:      layout_basic, mainiacjoe_overflow_surrounded_room,
          nicolae_overflow_crystal_walls, gammafunk_ghost_smash, st_stairs_8,
          grunt_ministairs_15, skrybe_limestone_x, uniq_pikel
D:5:      layout_loops_ring, pdpol_wu_jian_five_deadly_venoms,
          nicolae_underground_beach, uniq_blork_the_orc

Skill      XL: |  1  2  3  4  5  6 |
---------------+-------------------+-----
Ranged Weapons | 3 4 5 6 |  6.9
Fighting       | 2 3 4 |  4.1
Armour         | 1 |  1.0
Dodging        | |  1.5
Spellcasting   | |  1.0
Hexes          | |  2.6

Action                     |  1- 3 |  4- 6 |  7- 9 || total
---------------------------+-------+-------+-------++-------
   Fire: Sling             |   102 |   258 |    39 ||   399
    Use: Scroll            |     2 |     3 |     3 ||     8
         Potion            |       |     1 |     1 ||     2
 Armour: Robe              |     2 |       |       ||     2
         Ring mail         |    14 |    90 |    10 ||   114
  Dodge: Dodged            |    19 |   128 |     7 ||   154

Table legend:
 A = Non-vault XP
 B = Vault XP
 C = Vault XP percentage of total XP
 D = Non-vault monster count
 E = Vault monster count
 F = Vault count percentage of total count
                 A         B        C        D         E       F
            +---------+---------+-------+---------+---------+-------
      Total |     756 |      97 |  11.4 |      84 |       4 |   4.5
            +---------+---------+-------+---------+---------+-------
        D:1 |      31 |       0 |   0.0 |      20 |       0 |   0.0
        D:2 |      55 |       0 |   0.0 |      17 |       0 |   0.0
        D:3 |     305 |       0 |   0.0 |      32 |       0 |   0.0
        D:4 |     365 |       7 |   1.9 |      15 |       3 |  16.7
        D:5 |       0 |      90 | 100.0 |       0 |       1 | 100.0
            +---------+---------+-------+---------+---------+-------
